 Dungeon Crawl Stone Soup version 0.28-a0-723-g095bd1b44f (webtiles) character file.

Game seed: 8369463624324221410

9664 lunkers the Thaumaturge (level 11, -1/86 HPs)
             Began as a Djinni Cinder Acolyte on Oct 25, 2021.
             Was a High Priest of Ignis.
             Slain by a komodo dragon (24 damage)
             ... on level 2 of the Lair of Beasts on Oct 26, 2021.
             The game lasted 00:27:11 (14214 turns).

lunkers the Thaumaturge (Djinni Cinder Acolyte)    Turns: 14214, Time: 00:27:11

Health: -1/86      AC: 10    Str: 13    XL:     11   Next: 78%
Gold:   518        EV: 14    Int: 19    God:    Ignis [*****.] SH:  0 Dex:  9

rFire   + + +      SeeInvis .   v - staff of fire
rCold   x . .      Faith    .   (no shield)
rNeg    . . .      Spirit   .   t - +0 acid dragon scales
rPois   ∞          Reflect  .   k - +0 helmet
rElec   .          Harm     .   j - +2 cloak
rCorr   +          Rampage  .   (no gloves)
Will    +....                   (boots unavailable)
Stlth   +.........              (no amulet)
HPRegen 0.24/turn               x - ring "Ixem" {rF+ EV+4}
MPRegen 0.00/turn               (no ring)

@: flying
A: sickness immunity, fire resistance 2, cold vulnerability 1, float, innate
caster, hp casting, extra vitality 1
a: Renounce Religion, Sea of Fire, Foxfire Swarm, Rising Flame


You were on level 2 of the Lair of Beasts.
You worshipped Ignis.
Ignis was extremely pleased with you.
You visited 2 branches of the dungeon, and saw 11 of its levels.

You collected 518 gold pieces.

Inventory:

Hand Weapons
 d - a +1 dagger of electrocution
 f - a +2 short sword of electrocution
Armour
 b - a +2 robe of willpower
 j - a +2 cloak (worn)
 k - a +0 helmet (worn)
 n - a +3 leather armour of poison resistance
 t - +0 acid dragon scales (worn)
 B - a +0 cloak
Magical Staves
 v - a staff of fire (weapon)
Jewellery
 u - the ring "Forget-Me-Not" {rPois rF+ Will- Stlth+}
   (You found it on level 5 of the Dungeon)

   [ring of protection from fire]

   rF:        It protects you from fire.
   rPois:     It protects you from poison.
   Will:      It decreases your willpower.
   Stlth:     It makes you more stealthy.
 x - the ring "Ixem" (left hand) {rF+ EV+4}
   (You acquired it on level 1 of the Lair of Beasts)

   [ring of evasion]

   EV:        It affects your evasion (+4).
   rF:        It protects you from fire.
Wands
 h - a wand of charming (5)
 l - a wand of acid (9)
 p - a wand of mindburst (21)
 C - a wand of flame (9)
 I - a wand of polymorph (14)
 L - a wand of digging (1)
Scrolls
 q - 4 scrolls of enchant armour
 w - a scroll of magic mapping
 y - a scroll of teleportation
 z - 2 scrolls of blinking
 D - a scroll of fear
Potions
 a - 3 potions of heal wounds
 c - 9 potions of curing
 e - a potion of invisibility
 g - 3 potions of haste
 i - a potion of flight {unknown}
 m - 3 potions of attraction {unknown}
 o - a potion of lignification {unknown}
 r - a potion of brilliance {unknown}
 s - a potion of resistance {unknown}
 A - a potion of might {unknown}
 E - 2 potions of mutation {unknown}
 F - 2 potions of berserk rage {unknown}
 G - a potion of ambrosia {unknown}
Miscellaneous
 J - a phial of floods


   Skills:
 + Level 10.7 Fighting
 - Level 2.6 Short Blades
 * Level 11.5 Spellcasting


You had 16 spell levels left.
You knew the following spells:

 Your Spells              Type           Power      Damage    Failure   Level
a - Poisonous Vapours     Pois/Air       100%       N/A       1%          2
b - Vampiric Draining     Necr           26%        2d9       1%          3
c - Summon Ice Beast      Ice/Summ       53%        N/A       1%          4
d - Lee's Rapid Deconstr  Erth           26%        3d15*     2%          5
o - Apportation           Tloc           100%       N/A       1%          1
p - Scorch                Fire           100%       2d10      1%          2
Your spell library was empty.

Dungeon Overview and Level Annotations

Branches:
Dungeon (9/15)             Temple (0/1) D:6            Lair (2/6) D:8
  Swamp: Lair:2-4    Shoals: Lair:2-4     Snake: Lair:2-4    Spider: Lair:2-4
    Orc: D:9-12

Altars:
Ashenzari
Dithmenos
Elyvilon
Hepliaklqana
Makhleb
Okawaru
Qazlal
Ru
Trog
Uskayaw
Vehumet
Yredelemnul
Zin

Shops:
D:1 :   D:3 !


Innate Abilities, Weirdness & Mutations

You are immune to sickness and miasma.
You are immune to poison.
Your flesh is very heat resistant. (rF++)
You are vulnerable to cold. (rC-)
You float through the air rather than walking.
You learn spells naturally, not from books.
Your magical power is your life essence.
You have superior vitality. (+4 HP)


Message History

* * * LOW HITPOINT WARNING * * *
A komodo dragon comes into view.
Casting: Scorch (safe; 1% risk of failure)
Confirm with . or Enter, or press ? or * to list all spells.
Okay, then.
The komodo dragon hisses angrily.
Casting: Scorch (safe; 1% risk of failure)
Press: ? - help, Q - select action, (/) - cycle Dir - look around, f - activate
Okay, then.
Casting: Scorch (safe; 1% risk of failure)
Press: ? - help, Q - select action, (/) - cycle Dir - look around, f - activate You feel a surge of power!
Flames lash the komodo dragon.
The komodo dragon is lightly wounded.
The komodo dragon's fire resistance burns away.
* * * LOW HITPOINT WARNING * * *
The komodo dragon is engulfed in a cloud of scalding steam.
The komodo dragon barely misses you.
Casting: Scorch (safe; 1% risk of failure)
Press: ? - help, Q - select action, (/) - cycle Dir - look around, f - activate You feel a surge of power!
Flames lash the komodo dragon.
The komodo dragon is burned terribly!
The komodo dragon is moderately wounded.
* * * LOW HITPOINT WARNING * * *
The komodo dragon bites you!
* * * LOW HITPOINT WARNING * * *
Casting: Scorch (safe; 1% risk of failure)
Press: ? - help, Q - select action, (/) - cycle Dir - look around, f - activate You feel a surge of power!
Flames lash the komodo dragon.
The komodo dragon is burned terribly!
The komodo dragon is heavily wounded.
* * * LOW HITPOINT WARNING * * *
The komodo dragon misses you.
Unknown command.
The komodo dragon is no longer more vulnerable to fire.
You hit the komodo dragon.
The komodo dragon is heavily wounded.
The komodo dragon misses you.
There is an escape hatch in the floor here.
The komodo dragon bites you!!
You die...

#.#...###....##...## ....#
###.......≈≈≈......###....
#.......≈≈≈≈≈......#.....
##.....≈≈≈≈≈≈...........#
##.....≈≈≈≈≈.............
#.....≈≈≈≈≈≈.............
...
#.....≈≈≈≈≈.<.....##.....
<..
##....≈≈≈≈≈......P#......
...
#.....≈≈@≈≈≈≈....###.....
... ##)†...≈l≈≈......
#.....# ...#####
#††..#.≈≈....... ##....#
...#P#.###...#...........
#....#
.............##.....##..
#P...#
..............##...##...
##...#
...............>...# #..
##...#
....####.#.........P##...
##..... ...##
###.........##P...^#.'####


You could see a komodo dragon.

Vanquished Creatures
  A two-headed ogre (D:8)
  Pikel (D:5)
  Maurice (D:8)
  5 cane toads
  Joseph (D:7)
  Maggie (D:6)
  2 komodo dragons (Lair:1)
  Sigmund (D:3)
  9 yaks
  Grum (D:8)
  Eustachio (D:4)
  Menkaure (D:5)
  2 orc warriors
  5 water moccasins
  2 ice beasts
  2 black bears (D:5)
  3 necrophages
  8 wolves
  2 ogres
  A lemure (D:5)
  6 centaurs
  A phantom (D:5)
  A kobold brigand (D:4)
  Blork the orc (D:6)
  2 bullfrogs
  2 scorpions
  A water moccasin skeleton (D:4)
  A centaur zombie (D:5)
  2 hounds
  A centaur skeleton (D:7)
  A jelly (D:5)
  Crazy Yiuf (D:2)
  A gnoll shaman (D:5)
  An iron imp (D:5)
  2 iguanas
  Natasha (thrice) (D:2)
  3 orc wizards
  A killer bee zombie (D:8)
  Robin (D:3)
  6 gnolls
  10 adders
  A shadow imp (D:6)
  3 worms
  6 dart slugs
  9 orcs
  7 ball pythons
  7 bats
  9 endoplasms
  2 giant cockroaches
  15 goblins
  8 hobgoblins
  6 quokkas
  3 frilled lizards
  A jackal skeleton (D:4)
  4 kobolds
  A quokka skeleton (D:4)
  5 rats
185 creatures vanquished.

Vanquished Creatures (others)
  4 fungi
  3 plants (Lair:1)
7 creatures vanquished.

Grand Total: 192 creatures vanquished

Notes
Turn   | Place    | Note
-------+----------+-------------------------------------------
     0 | D:1      | lunkers the Djinni Cinder Acolyte began the quest for the
                  | Orb.
     0 | D:1      | Reached XP level 1. HP: 20/20 MP: 0/0
   246 | D:1      | Reached XP level 2. HP: 22/25 MP: 0/0
   710 | D:1      | Reached skill level 3 in Spellcasting
   710 | D:1      | Reached XP level 3. HP: 24/30 MP: 0/0
   710 | D:1      | Learned a level 1 spell: Apportation
  1298 | D:1      | Found Wicsar's Book Shoppe.
  1860 | D:2      | Reached XP level 4. HP: 32/36 MP: 0/0
  2201 | D:2      | Found a runed translucent door.
  2202 | D:2      | Noticed Crazy Yiuf
  2406 | D:2      | Noticed Natasha
  2410 | D:2      | Killed Natasha
  2510 | D:2      | Noticed Natasha
  2514 | D:2      | Killed Natasha
  2515 | D:2      | Reached XP level 5. HP: 29/41 MP: 0/0
  2515 | D:2      | Learned a level 2 spell: Poisonous Vapours
  2682 | D:2      | Noticed Natasha
  2695 | D:2      | Killed Natasha
  2696 | D:2      | Reached skill level 4 in Spellcasting
  3295 | D:2      | Killed Crazy Yiuf
  3296 | D:2      | Reached XP level 6. HP: 19/47 MP: 0/0
  3621 | D:3      | Found Rutacraq's Distillery.
  4060 | D:3      | Noticed Robin
  4063 | D:3      | Killed Robin
  4435 | D:3      | Noticed Sigmund
  4444 | D:3      | Killed Sigmund
  4445 | D:3      | Reached skill level 5 in Spellcasting
  4445 | D:3      | Reached XP level 7. HP: 41/53 MP: 0/0
  4445 | D:3      | Learned a level 3 spell: Vampiric Draining
  4651 | D:3      | Found a faded altar of an unknown god.
  4926 | D:4      | Reached skill level 5 in Fighting
  4964 | D:4      | Found a white marble altar of Elyvilon.
  5453 | D:4      | Noticed Eustachio
  5459 | D:4      | Killed Eustachio
  5802 | D:4      | Reached XP level 8. HP: 48/60 MP: 0/0
  5973 | D:4      | Found a stormy altar of Qazlal.
  6015 | D:5      | Entered Level 5 of the Dungeon
  6071 | D:5      | Reached skill level 6 in Spellcasting
  6221 | D:5      | Noticed Pikel
  6271 | D:5      | Killed Pikel
  6459 | D:5      | Reached skill level 7 in Spellcasting
  6459 | D:5      | Reached XP level 9. HP: 31/67 MP: 0/0
  6459 | D:5      | Learned a level 4 spell: Summon Ice Beast
  6665 | D:5      | Found a glowing silver altar of Zin.
  6674 | D:5      | Found a hide-covered altar of Uskayaw.
  6718 | D:5      | Found a burning altar of Makhleb.
  7109 | D:5      | Found a basalt altar of Yredelemnul.
  7114 | D:5      | Found an iron altar of Okawaru.
  7114 | D:5      | Found a sacrificial altar of Ru.
  7127 | D:5      | Found a bloodstained altar of Trog.
  7131 | D:5      | Found a shadowy altar of Dithmenos.
  7197 | D:5      | Noticed Menkaure
  7210 | D:5      | Killed Menkaure
  7388 | D:5      | Found a hazy altar of Hepliaklqana.
  7521 | D:5      | Identified the ring "Forget-Me-Not" {rPois rF+ Will-
                  | Stlth+}
  7920 | D:6      | Noticed Blork the orc
  7923 | D:6      | Killed Blork the orc
  8078 | D:6      | Found a staircase to the Ecumenical Temple.
  8091 | D:6      | Noticed Maggie
  8094 | D:6      | Reached skill level 8 in Spellcasting
  8102 | D:6      | Killed Maggie
  8840 | D:7      | Noticed Joseph
  9119 | D:7      | Killed Joseph
  9120 | D:7      | Reached XP level 10. HP: 38/76 MP: 0/0
  9662 | D:7      | You are sucked into a shaft and drop 1 floor!
  9679 | D:8      | Reached skill level 9 in Spellcasting
 10035 | D:8      | Noticed Maurice
 10048 | D:8      | Killed Maurice
 10149 | D:8      | Noticed a two-headed ogre
 10192 | D:8      | Killed a two-headed ogre
 10761 | D:8      | Found a staircase to the Lair.
 11110 | D:8      | Noticed Grum
 11115 | D:8      | Killed Grum
 11366 | D:7      | Reached skill level 10 in Spellcasting
 11552 | D:7      | Found a broken altar of Ashenzari.
 12236 | Lair:1   | Entered Level 1 of the Lair of Beasts
 12299 | Lair:1   | Noticed a komodo dragon
 12305 | Lair:1   | Killed a komodo dragon
 12306 | Lair:1   | Reached XP level 11. HP: 65/84 MP: 0/0
 12306 | Lair:1   | Learned a level 5 spell: Lee's Rapid Deconstruction
 12802 | Lair:1   | Reached skill level 10 in Fighting
 13284 | Lair:1   | Identified a scroll of acquirement
 13284 | Lair:1   | Acquired the ring "Ixem" {rF+ EV+4}
 13294 | Lair:1   | Reached skill level 11 in Spellcasting
 14214 | Lair:2   | Slain by a komodo dragon

Illustrated notes

Levels and vault maps discovered:
D:1:      dpeg_arrival_houses_and_road, layout_basic, serial_shops, shop_statue
D:2:      layout_basic, uniq_natasha, uniq_crazy_yiuf_cottage
D:3:      layout_loops_corners, ebering_ecumenical_altar_mist, serial_shops,
          nicolae_shop_behind_doors, chequers_jeans, uniq_robin, uniq_sigmund
D:4:      minmay_evil_eye, layout_basic, nicolae_elyvilon_peaceful_grove,
          marbit_many_paths, serial_aquarium, aquarium_bridge_square
          [aquarium_subvault_wall, aquarium_subvault_bridge,
          aquarium_subvault_bridge, aquarium_subvault_wall], aquarium_window_1,
          aquarium_window_corridor_2, aquarium_view_2b, aquarium_view_2d,
          uniq_eustachio
D:5:      layout_loops_ring, mainiacjoe_overflow_swirl,
          minmay_overflow_temple_star_hex, lemuel_coloured_pillars_altar,
          makhleb_grotto_becter, uniq_pikel, uniq_menkaure
D:6:      layout_basic, minmay_temple_entry_stoned_glass, uniq_maggie,
          uniq_blork_the_orc
D:7:      layout_loops_ring, grunt_temple_overflow_open, kennysheep_boxes,
          uniq_joseph
D:8:      layout_gridville, lair_entry_dummy, chequers_garden, uniq_maurice,
          uniq_grum
D:9:      layout_loops_ring, led_xom_imps, zombieorc1_lemuel,
          ebering_ghost_disaster_area, chequers_avenue, uniq_harold,
          uniq_erolcha
Lair:1:   layout_cave_pods, lemuel_fruit_tree
Lair:2:   layout_long_grid, infiniplex_staircase_pool, grunt_megastairs_2

Skill      XL: |  1  2  3  4  5  6  7  8  9 10 11 |
---------------+----------------------------------+-----
Spellcasting   | 3 4 5 7 8 10 11 | 11.5
Fighting       | 4 5 6 8 9 10 | 10.7
Short Blades   | |  2.6

Action                   |  1- 3 |  4- 6 |  7- 9 | 10-12 || total
-------------------------+-------+-------+-------+-------++-------
Melee: Short sword       |    33 |     1 |    42 |       ||    76
       Dagger            |    18 |     3 |       |       ||    21
       Staff             |       |       |       |     2 ||     2
 Cast: Scorch            |    26 |    70 |    85 |   124 ||   305
       Poisonous Vapours |       |       |    20 |     5 ||    25
       Vampiric Draining |       |       |    32 |       ||    32
       Lee's Rapid Decon |       |       |       |    17 ||    17
Evoke: Wand              |       |       |     2 |       ||     2
  Use: Scroll            |       |     1 |     7 |     6 ||    14
Armor: Robe              |    13 |     3 |     3 |       ||    19
       Leather armour    |       |       |    23 |       ||    23
       Acid dragon scale |       |       |       |    23 ||    23
Dodge: Dodged            |    32 |     8 |    54 |    45 ||   139

Table legend: (Time is in decaauts)
 A = Elapsed time spent in this place.
 B = Non-inter-level travel time spent in this place.
 C = Inter-level travel time spent in this place.
 D = Time resting spent in this place.
 E = Time spent auto-exploring this place.
 F = Levels seen in this place.
 G = Mean time per level.
                   A        B        C        D        E       F      G
               +--------+--------+--------+--------+--------+-----+--------+
         Total |  14209 |  13799 |    410 |   1551 |  10790 |  11 | 1291.7 |
       Dungeon |  12232 |  11868 |    364 |   1369 |   9261 |   9 | 1359.1 |
          Lair |   1977 |   1931 |     46 |    182 |   1529 |   2 |  988.5 |
               +--------+--------+--------+--------+--------+-----+--------+

Top non-repeatable levels by time:
     D:5: 1898 daAuts
     D:2: 1809 daAuts
     D:8: 1776 daAuts
     D:1: 1666 daAuts
     D:3: 1440 daAuts
  Lair:1: 1406 daAuts
     D:6: 1397 daAuts
     D:7: 1148 daAuts
     D:4: 1092 daAuts
  Lair:2: 570 daAuts
     D:9: 1 daAuts
